 Dungeon Crawl Stone Soup version 0.15-a0-2265-gb33f7a6 (console) character file.

47 DeepElves the Magician (level 3, -5/19 HPs)
             Began as a Deep Elf Ice Elementalist on July 27, 2014.
             Slain by an ogre
             ... wielding a +0 giant spiked club
              (15 damage)
             ... on Level 4 of the Dungeon.
             The game lasted 00:02:36 (457 turns).

DeepElves the Magician (Deep Elf Ice Elementalist)   Turns: 457, Time: 00:02:36

HP  -5/19        AC  2     Str  5      XL: 3   Next: 48%
MP   2/13        EV 13     Int 20      God:
Gold 83          SH  0     Dex 15      Spells:  2 memorised,  8 levels left

rFire  . . .     SeeInvis .     j - +0 whip
rCold  . . .     Clarity  .     a - +0 robe
rNeg   . . .     rCorr    .     (no shield)
rPois  .         rRot     .     (no helmet)
rElec  .         Spirit   .     (no cloak)
SustAb .         Warding  .     (no gloves)
rMut   .         Stasis   .     (no boots)
Gourm  .                        (no amulet)
MR     .....                    (no ring)
                                (no ring)

@: not resistant to hostile enchantments, unstealthy
A: no striking features
a: no special abilities


You were on level 4 of the Dungeon.
You were not hungry.

You visited 1 branch of the dungeon, and saw 4 of its levels.

You collected 83 gold pieces.

Inventory:

Hand weapons
 j - a +0 whip (weapon)
Missiles
 d - 3 curare-tipped needles
Armour
 a - a +0 robe (worn)
 m - a +0 buckler
Comestibles
 c - 2 bread rations
 f - a meat ration
Scrolls
 g - a scroll of amnesia {unknown}
 h - a scroll of identify {unknown}
 i - a scroll of teleportation {unknown}
Potions
 e - a potion of flight {unknown}
 k - a potion of lignification {unknown}
 l - a potion of restore abilities {unknown}
Books
 b - a book of Frost

   Spells                             Type                      Level
   *Freeze                            Ice                          1
   *Throw Frost                       Conjuration/Ice              2
   Ozocubu's Armour                   Charms/Ice                   3
   Throw Icicle                       Conjuration/Ice              4
   Summon Ice Beast                   Ice/Summoning                4
   Condensation Shield                Ice                          4


   Skills:
 - Level 2.4 Dodging
 - Level 2.4 Stealth
 + Level 4.8 Spellcasting
 + Level 2.1 Conjurations
 - Level 3.2 Ice Magic


You had 8 spell levels left.
You knew the following spells:

 Your Spells              Type           Power        Failure   Level  Hunger
a - Freeze                Ice            ###.         2%          1    None
b - Throw Frost           Conj/Ice       ###...       10%         2    None


Dungeon Overview and Level Annotations

Branches:
Dungeon (4/15)
 Temple: D:4-7

Altars:
Kikubaaqudgha

Annotations:
D:4 ciphuk's ghost, average DrTm


Message History

Aim: an ogre, wielding a giant spiked club (moderately wounded)
The puff of frost hits the ogre.
The ogre is heavily wounded.
Casting: Throw Frost
Confirm with . or Enter, or press ? or * to list all spells.
Aiming: Throw Frost
Press: ? - help, Shift-Dir - straight line, f/p - ogre
Aim: an ogre, wielding a giant spiked club (heavily wounded)
The puff of frost hits the ogre.
The ogre is severely wounded.
Casting: Throw Frost
Confirm with . or Enter, or press ? or * to list all spells.
Aiming: Freeze
Press: ? - help, Shift-Dir - straight line, f/p - ogre
Aim: an ogre, wielding a giant spiked club (severely wounded)
You freeze the ogre.
The ogre is almost dead.
The ogre hits you with a giant spiked club!
Ouch! That really hurt!
You die...

... #.....#
#.....# #.....#
.....## .....#
....#####
#O........
#######@........
#.........######
#.#########
#.#######.#
#...#.....#
######.#.###.#####
#........#......<#
#......###.#######
#......# #.#######


You could see an ogre.

Vanquished Creatures
  A worker ant (D:4)
  An adder (D:2)
  An adder skeleton (D:4)
  2 bats
  A goblin (D:3)
  3 hobgoblins
  A kobold (D:2)
  A ball python (D:3)
  A giant newt (D:4)
  2 rats
14 creatures vanquished.

Notes
Turn   | Place    | Note
--------------------------------------------------------------
     0 | D:1      | DeepElves, the Deep Elf Ice Elementalist, began the quest for the Orb.
     0 | D:1      | Reached XP level 1. HP: 10/10 MP: 5/5
   227 | D:2      | Found an ancient bone altar of Kikubaaqudgha.
   254 | D:2      | Reached skill level 4 in Spellcasting
   254 | D:2      | Reached XP level 2. HP: 15/15 MP: 0/9
   258 | D:2      | Learned a level 2 spell: Throw Frost
   328 | D:4      | Noticed ciphuk's ghost (average DrTm)
   390 | D:4      | Reached XP level 3. HP: 6/19 MP: 5/13
   451 | D:4      | Noticed an ogre
   457 | D:4      | Slain by an ogre

Action                   || total
-------------------------++-------
Melee: Unarmed           ||     2
       Whip              ||     8
 Cast: Freeze            ||    24
       Throw Frost       ||     5
 Stab: Sleeping          ||     1
